 Dungeon Sprint DCSS version 0.30-a0-219-gf2db51d15e (webtiles) character file.

Game seed: 13298631774412907381

1100000 Zeld the Slayer (level 13, -41/125 HPs)
             Began as a Djinni Monk on Oct 7, 2022.
             Was a Priest of Makhleb.
             Annihilated by a meat berserker
             ... wielding a +9 battleaxe
              (71 damage)
             ... in the Dungeon (Sprint VIII: "Arena of Blood").
             The game lasted 00:00:22 (11 turns).

Zeld the Slayer (Djinni Monk)                         Turns: 11, Time: 00:00:22

Health: -41/125    AC:  2    Str: 14    XL:     13   Next: 64%
Gold:   0          EV: 13    Int: 12    God:    Makhleb [***...] SH:  0 Dex: 17

rFire   + + .      SeeInvis .    h - +∞ Axe of Woe
rCold   x . .      Faith    .    (shield currently unavailable)
rNeg    . . .      Spirit   .    a - +0 robe
rPois   ∞          Reflect  .    (no helmet)
rElec   .          Harm     .    (no cloak)
rCorr   .          Rampage  .    (no gloves)
Will    +....      NoTele   +    (boots unavailable)
Stlth   ++........               (no amulet)
HPRegen 0.40/turn                (no ring)
MPRegen 0.00/turn                (no ring)

@: flying
A: sickness immunity, fire resistance 2, cold vulnerability 1, float, innate
caster, HP casting, extra vitality 1
a: Renounce Religion, Minor Destruction, Lesser Servant of Makhleb


You were in the Dungeon.
You worshipped Makhleb.
Makhleb was most pleased with you.
You visited 1 branch

Inventory:

Hand Weapons
 h - the +∞ Axe of Woe (weapon)
   (You found it in the Dungeon)
Armour
 a - a +0 robe (worn)
Scrolls
 g - a scroll of blinking
Potions
 b - a potion of ambrosia
 c - a potion of curing
 d - a potion of heal wounds
 e - a potion of haste
 f - a potion of berserk rage


   Skills:
 * Level 23.3 Fighting
 * Level 12.9 Axes
 - Level 3.2 Dodging
 - Level 1.5 Stealth
 - Level 3.0 Unarmed Combat
 * Level 11.8 Spellcasting
 * Level 14.6 Invocations


You had 15 spell levels left.
You knew the following spells:

 Your Spells              Type           Power      Damage    Failure   Level
a - Beastly Appendage     Tmut           70%        N/A       1%          1
b - Ensorcelled Hibernat  Hex/Ice        70%        N/A       1%          2
c - Confusing Touch       Hex            35%        N/A       1%          3
d - Animate Dead          Necr           35%        N/A       1%          4
e - Blade Hands           Tmut           17%        N/A       2%          5
f - Agony                 Necr           35%        N/A       2%          5
Your spell library was empty.

Dungeon Overview and Level Annotations

Branches:
Dungeon (1/1)

Altars:
Makhleb


Innate Abilities, Weirdness & Mutations

You are immune to sickness and miasma.
You are immune to poison.
Your flesh is very heat resistant. (rF++)
You are vulnerable to cold. (rC-)
You float through the air rather than walking.
You learn spells naturally, not from books.
Your magical power is your life essence.
You have superior vitality. (+4 MHP)


Message History

You slice the bag of meat!!
You pulverise the bag of meat into a thin bloody mist.
You kill the bag of meat!
Makhleb accepts your kill.
You feel better.
You hit the meat berserker.
You hew the meat berserker savagely.
You kill the meat berserker!
Makhleb accepts your kill.
You hear a shout! x7
The meat berserker rages.
You hear a shout! x2
A bag of meat comes into view. It is wielding a +9 war axe.
You hear a shout! x6
Your Fighting skill gained 6 levels and is now at level 23!
Your Axes skill gained 3 levels and is now at level 12!
Your Spellcasting skill gained 3 levels and is now at level 11!
Your Invocations skill gained 3 levels and is now at level 14!
You have reached level 12!
You feel clever.
You have reached level 13!
The power to cast Agony wells up from within.
Spell assigned to 'f'.
You hear a shout! x9
Unknown command.
The bag of meat appears out of thin air!
A bag of meat comes into view. It is wielding a +9 war axe.
The bag of meat shouts!
You hear a shout! x11
The meat berserker hits you with a +9 battleaxe!!!
* * * LOW HITPOINT WARNING * * *
There is a staircase leading out of the dungeon here.
Unknown command.
You slice the meat berserker!!
You dissect the meat berserker like a pig carcass.
You kill the meat berserker!
Makhleb accepts your kill.
You can now summon a lesser servant of Makhleb.
You hear a shout! x5
The meat berserker hits you with a +9 battleaxe!!!
Ouch! That really hurt!
You die...

.. .. #.. ..#
#.. ..# .###..
o.###.
......###......
....._.....
#.....# .
#_.@O_# .
....#.)o..#....
......)_)......
......###......
.###.. ..###.
#.. ..# #. .#
.. .. .. ..


You could see a meat berserker (berserk) and 2 bags of meat.

Vanquished Creatures
  2 ogres (D)
  2 orcs (D)
4 creatures vanquished.

Notes
Turn   | Place    | Note
-------+----------+-------------------------------------------
     0 | D        | Found the +∞ Axe of Woe
     0 | D        | Zeld the Djinni Monk began the quest for the Orb.
     0 | D        | Reached XP level 1. HP: 20/20 MP: 0/0
     2 | D        | Noticed a bag of meat
     3 | D        | Noticed a bag of meat
     3 | D        | Noticed a meat berserker
     4 | D        | Became a worshipper of Makhleb the Destroyer
     4 | D        | Reached * piety under Makhleb
     4 | D        | Reached ** piety under Makhleb
     5 | D        | Killed a bag of meat
     6 | D        | Reached skill level 17 in Fighting
     6 | D        | Reached XP level 2. HP: 19/47 MP: 0/0
     6 | D        | Reached XP level 3. HP: 21/52 MP: 0/0
     6 | D        | Learned a level 1 spell: Beastly Appendage
     6 | D        | Reached XP level 4. HP: 24/59 MP: 0/0
     6 | D        | Reached XP level 5. HP: 27/65 MP: 0/0
     6 | D        | Learned a level 2 spell: Ensorcelled Hibernation
     6 | D        | Reached XP level 6. HP: 29/71 MP: 0/0
     6 | D        | Reached XP level 7. HP: 31/76 MP: 0/0
     6 | D        | Learned a level 3 spell: Confusing Touch
     6 | D        | Reached XP level 8. HP: 35/84 MP: 0/0
     6 | D        | Reached XP level 9. HP: 37/89 MP: 0/0
     6 | D        | Learned a level 4 spell: Animate Dead
     6 | D        | Reached XP level 10. HP: 39/95 MP: 0/0
     6 | D        | Reached XP level 11. HP: 42/101 MP: 0/0
     6 | D        | Learned a level 5 spell: Blade Hands
     6 | D        | Noticed a bag of meat
     7 | D        | Noticed a meat berserker
     7 | D        | Noticed a meat berserker
     8 | D        | Killed a bag of meat
     8 | D        | Killed a meat berserker
     8 | D        | Noticed a bag of meat
     9 | D        | Reached skill level 23 in Fighting
     9 | D        | Reached XP level 12. HP: 77/119 MP: 0/0
     9 | D        | Reached XP level 13. HP: 81/125 MP: 0/0
     9 | D        | Learned a level 5 spell: Agony
    10 | D        | Noticed a bag of meat
    11 | D        | Killed a meat berserker
    11 | D        | Reached *** piety under Makhleb
    11 | D        | Annihilated by a meat berserker

Illustrated notes

Levels and vault maps discovered:
D:        meatsprint

Skill      XL: |  1  2  3  4  5  6  7  8  9 10 11 |
---------------+----------------------------------+-----
Fighting       | 17 23 | 23.3
Axes           | 9 12 | 12.9
Spellcasting   | 8 11 | 11.8
Invocations    | 11 14 | 14.6
Dodging        | |  3.2
Stealth        | |  1.5
Unarmed Combat | |  3.0

Action                   |  1- 3 |  4- 6 |  7- 9 | 10-12 | 13-15 || total
-------------------------+-------+-------+-------+-------+-------++-------
Melee: Executioner's axe |     1 |       |       |     1 |     1 ||     3

Table legend: (Time is in decaauts)
 A = Elapsed time spent in this place.
 B = Non-inter-level travel time spent in this place.
 C = Inter-level travel time spent in this place.
 D = Time resting spent in this place.
 E = Time spent auto-exploring this place.
 F = Levels seen in this place.
 G = Mean time per level.
                   A        B        C        D        E       F      G
               +--------+--------+--------+--------+--------+-----+--------+
         Total |     11 |     11 |      0 |      0 |      0 |   1 |   11.0 |
       Dungeon |     11 |     11 |      0 |      0 |      0 |   1 |   11.0 |
               +--------+--------+--------+--------+--------+-----+--------+

Top non-repeatable levels by time:
       D: 11 daAuts
